 Dungeon Crawl Stone Soup version 0.27.0-1-g7a089689b8 (webtiles) character file.

Game seed: 10771350497736000514

205 Gwenloh the Grasshopper (level 5, -5/27 HPs)
             Began as a Spriggan Warper on Aug 7, 2021.
             Was a Believer of Kikubaaqudgha.
             Shot with an arrow by a centaur (8 damage)
             ... on level 3 of the Dungeon.
             The game lasted 00:26:01 (5053 turns).

Gwenloh the Grasshopper (Spriggan Warper)           Turns: 5053, Time: 00:26:10

Health: -5/27      AC:  2    Str:  7    XL:     5   Next: 53%
Magic:  11/11      EV: 18    Int: 16    God:    Kikubaaqudgha [**....]
Gold:   211        SH:  0    Dex: 14    Spells: 5/11 levels left

rFire    . . .     SeeInvis +   a - +2 dagger (venom)
rCold    . . .     Faith    .   (shield restricted)
rNeg     . . .     Spirit   .   b - +0 robe
rPois    .         Reflect  .   (helmet restricted)
rElec    .         Harm     .   (no cloak)
rCorr    .         Rampage  .   (gloves unavailable)
Will     .....                  (boots unavailable)
Stlth    ++........             (no amulet)
HPRegen  0.09/turn              (no ring)
MPRegen  0.12/turn              (no ring)

@: very quick
A: very small, no large weapons, unfitting armour, see invisible, speed 3
a: Renounce Religion, Receive Corpses


You were on level 3 of the Dungeon.
You worshipped Kikubaaqudgha.
Kikubaaqudgha was pleased with you.
You visited 1 branch of the dungeon, and saw 3 of its levels.

You collected 211 gold pieces.

Inventory:

Hand Weapons
 a - a +2 dagger of venom (weapon)
Missiles
 g - 6 poisoned darts (quivered)
 o - a throwing net
Armour
 b - a +0 robe (worn)
Jewellery
 f - a +4 ring of evasion
Scrolls
 c - a scroll of blinking
 d - a scroll of torment {unknown}
 e - a scroll of teleportation {unknown}
 k - 2 scrolls of identify {unknown}
 l - a scroll of noise {unknown}
 n - a scroll of summoning {unknown}
Potions
 h - a potion of resistance {unknown}
 i - a potion of degeneration {unknown}
 j - 2 potions of curing
 m - a potion of heal wounds {unknown}
 p - a potion of attraction {unknown}


   Skills:
 * Level 2.4 Fighting
 + Level 2.8 Short Blades
 - Level 1.0 Throwing
 * Level 4.5 Dodging
 * Level 3.4 Stealth
 + Level 3.5 Spellcasting
 * Level 5.7 Translocations


You had 5 spell levels left.
You knew the following spells:

 Your Spells              Type           Power      Damage    Failure   Level
a - Blink                 Tloc           N/A        N/A       2%          2
b - Gell's Gravitas       Tloc           10%        N/A       4%          3
c - Pain                  Necr           8%         1d4       19%         1

Your spell library contained the following spells:

 Spells                   Type           Power      Damage    Failure   Level
 Lesser Beckoning         Tloc           10%        N/A       4%          3
 Teleport Other           Tloc           21%        N/A       4%          3
 Shock                    Conj/Air       8%         1d3       19%         1
 Corpse Rot               Necr/Air       N/A        N/A       26%         2
 Sublimation of Blood     Necr           1%         N/A       26%         2
 Manifold Assault         Tloc           21%        N/A       43%         5
 Swiftness                Air            2%         N/A       47%         3
 Vampiric Draining        Necr           1%         2d6       47%         3
 Airstrike                Air            1%         N/A       87%         4


Dungeon Overview and Level Annotations

Branches:
Dungeon (3/15)

Altars:
Elyvilon
Kikubaaqudgha

Shops:
D:2 :


Innate Abilities, Weirdness & Mutations

You are very small and have problems with some larger weapons.
You are too small for most types of armour.
You have supernaturally acute eyesight. (SInv)
You cover ground extremely quickly. (Speed+++)


Message History

j - 3 metallic dark potions (gained 1)
You enter the shallow water.
Moving in this stuff is going to be slow.
There is an open door here.
A centaur is nearby!
The centaur hits you with a staff of poison.
The centaur envenoms you.
You are poisoned.
The centaur closely misses you.
You closely miss the centaur.
You feel sick.
The centaur hits you with a staff of poison.
The centaur envenoms you.
You are more poisoned.
The centaur barely misses you.
You hit the centaur.
The centaur is lightly wounded.
You feel sick. The centaur misses you. The centaur completely misses you.
You hit the centaur but do no damage.
The centaur is lightly wounded.
You feel sick.
The centaur hits you with a staff of poison!
* * * LOW HITPOINT WARNING * * *
The centaur completely misses you. The centaur barely misses you.
The centaur kicks you.
* * * LOW HITPOINT WARNING * * *
Throw: 6 darts (poison)
Press: ? - help, Q - select action, (/) - cycle Shift-Dir - straight line, f - centaur
Aim: a centaur, wielding a staff of poison and quivering arrows (lightly wounded, 70% to hit)
Okay, then.
It was a potion of curing.
You feel better.
The centaur hits you with a staff of poison!
* * * LOW HITPOINT WARNING * * *
The centaur misses you.
Blink to where?
Press: ? - help, Dir - move target
As you read the scroll of blinking, it crumbles to dust.
The centaur wields a +2 shortbow of flaming.
It bursts into flame!
The centaur shoots an arrow.
The arrow hits you!
You die...
Kikubaaqudgha rasps: "You have failed me!
Welcome... death!"

...# #..###.........#
..######..###ยง........#
......................#
...####.#....#c.......#
...####....#..........#
........##.###........#
.........#.###........#
.###'###.........######
.#.....#.#.#####@..#
.#.....#.#.# #.###
.#.._..#.#.#####.#
.#.....#.#.......#
.#.....#....#######
.#######..........#
..................#
......##..........#
#..##..#..........#


You could see a centaur.

Vanquished Creatures
  Natasha (D:2)
  A hound skeleton (D:3)
  Robin (D:2)
  3 gnolls (D:3)
  5 adders
  A worm (D:3)
  2 dart slugs
  9 ball pythons
  3 endoplasms (D:2)
  3 giant cockroaches
  15 goblins
  6 hobgoblins (D:2)
  5 jackals (D:2)
  7 kobolds
  7 bats
  3 frilled lizards
  5 rats
77 creatures vanquished.

Notes
Turn   | Place    | Note
-------+----------+-------------------------------------------
     0 | D:1      | Gwenloh the Spriggan Warper began the quest for the Orb.
     0 | D:1      | Reached XP level 1. HP: 10/10 MP: 5/5
   331 | D:1      | Reached skill level 1 in Stealth
   331 | D:1      | Reached XP level 2. HP: 11/15 MP: 6/6
  1060 | D:2      | Found Veczoh's Book Emporium.
  1115 | D:2      | Learned a level 2 spell: Blink
  1775 | D:2      | Reached XP level 3. HP: 15/18 MP: 8/8
  1818 | D:2      | Learned a level 3 spell: Gell's Gravitas
  2939 | D:2      | Noticed Natasha
  3272 | D:2      | Reached skill level 5 in Translocations
  3771 | D:2      | Reached XP level 4. HP: 23/23 MP: 9/9
  3810 | D:2      | Noticed Robin
  3834 | D:2      | Killed Robin
  4076 | D:2      | Found a faded altar of an unknown god.
  4084 | D:2      | Became a worshipper of Kikubaaqudgha
  4084 | D:2      | Reached * piety under Kikubaaqudgha
  4084 | D:2      | Received a gift from Kikubaaqudgha
  4157 | D:2      | Killed Natasha
  4277 | D:2      | Learned a level 1 spell: Pain
  4322 | D:3      | Found a white marble altar of Elyvilon.
  4453 | D:3      | Reached XP level 5. HP: 12/26 MP: 11/11
  4592 | D:3      | Noticed a centaur
  4878 | D:3      | Reached ** piety under Kikubaaqudgha
  5051 | D:3      | HP: 1/27 [centaur (1)]
  5053 | D:3      | Shot with an arrow by a centaur

Illustrated notes

Levels and vault maps discovered:
D:1:      lightli_arrival_isolated_outpost, layout_rooms
D:2:      layout_loops_ring, hellmonk_ecumenical_altar_prayer_group,
          serial_shops, nicolae_shop_window_shopping, uniq_natasha, uniq_robin
D:3:      layout_rooms, amcnicky_altar_gilded, dk_vineyard_1, minmay_between

Skill      XL: |  1  2  3  4 |
---------------+-------------+-----
Stealth        | 1 2 3 |  3.4
Spellcasting   | 3 |  3.5
Fighting       | 2 |  2.4
Translocations | 5 |  5.7
Dodging        | 4 |  4.5
Short Blades   | |  2.8
Throwing       | |  1.0

Action                   |  1- 3 |  4- 6 || total
-------------------------+-------+-------++-------
Melee: Short sword       |   106 |       ||   106
       Dagger            |   159 |   114 ||   273
Throw: Boomerang         |     5 |       ||     5
       Dart              |       |     9 ||     9
 Cast: Gell's Gravitas   |     2 |       ||     2
  Use: Potion            |     1 |     1 ||     2
       Scroll            |       |     1 ||     1
 Stab: Sleeping          |     3 |     4 ||     7
       Distracted        |     1 |       ||     1
Armor: Robe              |    21 |    10 ||    31
Dodge: Dodged            |   201 |    94 ||   295
